 Dungeon Crawl Stone Soup version 0.22.1-1-ga44c0e5 (webtiles) character file.

215786 Anon1729 the Unseen (level 18, 0/93 HPs)
             Began as a Spriggan Assassin on Nov 5, 2018.
             Was the Champion of Dithmenos.
             Slain by a nagaraja
             ... wielding a cursed -1 whip
              (4 damage)
             ... on level 4 of the Snake Pit.
             The game lasted 03:37:52 (68352 turns).

Anon1729 the Unseen (Spriggan Assassin)            Turns: 68352, Time: 03:37:53

Health: 0/93       AC:  9    Str:  9    XL:     18   Next: 71%
Magic:  20/20      EV: 34    Int: 13    God:    Dithmenos [******]
Gold:   1291       SH:  0    Dex: 25    Spells: 10/31 levels left

rFire    + . .     SeeInvis +   K - +7 dagger (chaos)
rCold    . . .     Gourm    .   (shield restricted)
rNeg     . . .     Faith    .   F - +2 robe {rF+}
rPois    +         Spirit   .   f - +2 hat
rElec    +         Reflect  .   R - +2 cloak
rCorr    .         Harm     .   (gloves unavailable)
MR       +++..                  (boots unavailable)
Stlth    ++++++++++             d - amulet of the acrobat
HPRegen  0.25/turn              O - ring of Waxasema {rElec rPois MP-9 Str+2 SInv}
MPRegen  0.17/turn              B - +5 ring of slaying

@: wreathed by umbra, constricted, very quick
A: very small, unfitting armour, see invisible, herbivore, speed 3, slow
metabolism 2
a: Shadow Step, Shadow Form, Renounce Religion


You were on level 4 of the Snake Pit.
You worshipped Dithmenos.
Dithmenos was exalted by your worship.
You were not hungry.

You visited 5 branches of the dungeon, and saw 29 of its levels.
You also visited: Sewer.

You collected 3140 gold pieces.
You spent 1849 gold pieces at shops.

Inventory:

Hand Weapons
 b - a +0 blowgun
 w - the +10 dagger "Uprasen" {pierce, rElec}
   (You bought it in a shop on level 2 of the Orcish Mines)

   It inflicts extra damage upon your enemies.
   It insulates you from electricity.
 K - a +7 dagger of chaos (weapon)
Missiles
 e - 122 poisoned needles
 o - 4 needles of sleeping
 I - 6 curare-tipped needles
 N - 6 needles of confusion
 S - 6 needles of paralysis
Armour
 f - a +2 hat (worn)
 F - a +2 robe of fire resistance (worn)
 L - a +2 robe of positive energy
 R - a +2 cloak (worn)
Jewellery
 c - an uncursed ring of wizardry
 d - an amulet of the acrobat (around neck)
 h - the ring "Baudeg" {rF+ rC+ MR++ Int+2}
   (You bought it in a shop on level 2 of the Elven Halls)

   [ring of intelligence]

   It affects your intelligence (+2).
   It protects you from fire.
   It protects you from cold.
   It affects your resistance to hostile enchantments.
 s - an uncursed ring of stealth
 B - a +5 ring of slaying (right hand)
 O - the ring of Waxasema (left hand) {rElec rPois MP-9 Str+2 SInv}
   (You bought it in a shop on level 2 of the Elven Halls)

   [ring of strength]

   It affects your strength (+2).
   It insulates you from electricity.
   It protects you from poison.
   It affects your magic capacity (-9).
   It lets you see invisible.
 Z - an uncursed ring of resist corrosion
Wands
 u - a wand of enslavement (3)
 x - a wand of random effects (20)
 A - a wand of acid (13)
 H - a wand of iceblast (14)
 U - a wand of scattershot (9)
 V - a wand of digging (33)
 Y - a wand of flame (13)
Scrolls
 a - a scroll of vulnerability
 i - 17 scrolls of remove curse
 j - 8 scrolls of teleportation
 l - 8 scrolls of immolation
 n - 9 scrolls of magic mapping
 t - 4 scrolls of enchant armour
 y - 6 scrolls of amnesia
 D - 6 scrolls of fear
 J - 3 scrolls of identify
 P - 2 scrolls of holy word
 T - 2 scrolls of brand weapon
 X - 2 scrolls of fog
Potions
 k - 6 potions of haste
 m - 4 potions of heal wounds
 p - 4 potions of resistance
 q - 3 potions of might
 r - 3 potions of magic
 z - 7 potions of curing
 C - 3 potions of agility
 E - 4 potions of brilliance
 G - 2 potions of flight
 M - 2 potions of lignification
 Q - a potion of berserk rage
 W - a potion of mutation
Miscellaneous
 v - a fan of gales
Comestibles
 g - 18 rations


   Skills:
 + Level 9.4 Fighting
 * Level 14.6 Short Blades
 - Level 10.3 Throwing
 + Level 3.3 Armour
 * Level 17.5 Dodging
 * Level 19.8 Stealth
 + Level 7.0 Spellcasting
 + Level 6.2 Hexes
 + Level 2.3 Charms
 - Level 4.0 Necromancy
 + Level 8.5 Translocations
 + Level 8.0 Transmutations
 + Level 5.6 Earth Magic
 + Level 9.5 Invocations
 + Level 12.2 Evocations


You had 10 spell levels left.
You knew the following spells:

 Your Spells              Type           Power        Failure   Level  Hunger
a - Passwall              Tmut/Erth      ###.....     1%          2    #......
b - Confuse               Hex            ###.....     3%          3    ##.....
c - Statue Form           Tmut/Erth      ###......    80%         6    #######
d - Apportation           Tloc           ####..       1%          1    None
e - Animate Skeleton      Necr           N/A          3%          1    None
f - Gell's Gravitas       Tloc           ####......   1%          3    ##.....
g - Regeneration          Chrm/Necr      ##........   12%         3    ##.....
h - Corpse Rot            Necr           N/A          4%          2    #......

Your spell library contained the following spells:

 Spells                   Type           Power        Failure   Level  Hunger
 Beastly Appendage        Tmut           ####..       1%          1    None
 Confusing Touch          Hex            ###...       1%          1    None
 Sandblast                Erth           ###...       1%          1    None
 Sticks to Snakes         Tmut           ####....     1%          2    #......
 Shroud of Golubria       Chrm/Tloc      ###.......   2%          2    #......
 Infusion                 Chrm           ##..         6%          1    None
 Spectral Weapon          Hex/Chrm       ###.....     8%          3    ##.....
 Song of Slaying          Chrm           ##......     9%          2    #......
 Spider Form              Tmut/Pois      ##........   9%          3    ##.....
 Petrify                  Tmut/Erth      ###.....     9%          4    ####...
 Inner Flame              Hex/Fire       ##......     13%         3    ##.....
 Leda's Liquefaction      Hex/Erth       ###.......   13%         4    ####...
 Swiftness                Chrm/Air       #.......     14%         2    #......
 Stone Arrow              Conj/Erth      ##....       14%         3    ##.....
 Flame Tongue             Conj/Fire      #....        16%         1    None
 Freeze                   Ice            #...         16%         1    None
 Shock                    Conj/Air       #...         16%         1    None
 Summon Small Mammal      Summ           #...         16%         1    None
 Ignite Poison            Fire/Tmut/Pois ##......     16%         3    ##.....
 Blade Hands              Tmut           ####......   16%         5    ######.
 Poisonous Vapours        Pois/Air       #.....       22%         2    #......
 Throw Flame              Conj/Fire      #.....       22%         2    #......
 Throw Frost              Conj/Ice       #.....       22%         2    #......
 Yara's Violent Unravell  Hex/Tmut       ###.......   22%         5    ######.
 Ozocubu's Armour         Chrm/Ice       #.......     28%         3    ##.....
 Ice Form                 Ice/Tmut       ##......     28%         4    ####...
 Lee's Rapid Deconstruct  Erth           ###.......   38%         5    ######.
 Conjure Flame            Conj/Fire      #.......     41%         3    ##.....
 Mephitic Cloud           Conj/Pois/Air  #.......     41%         3    ##.....
 Static Discharge         Conj/Air       #.......     41%         3    ##.....
 Summon Forest            Summ/Tloc      ###.......   58%         5    ######.
 Hydra Form               Tmut           ####......   65%         6    #######
 Metabolic Englaciation   Hex/Ice        ##........   75%         5    ######.
 Sticky Flame             Conj/Fire      #.......     83%         4    ####...
 Summon Ice Beast         Ice/Summ       #.......     83%         4    ####...
 Throw Icicle             Conj/Ice       #.......     83%         4    ####...
 Bolt of Magma            Conj/Fire/Erth #.........   89%         5    ######.
 Fireball                 Conj/Fire      #.........   99%         5    ######.
 Lightning Bolt           Conj/Air       #.........   99%         5    ######.
 Bolt of Fire             Conj/Fire      #.........   100%        6    #######
 Freezing Cloud           Conj/Ice/Air   #.........   100%        6    #######
 Iron Shot                Conj/Erth      ##........   100%        6    #######
 Ring of Flames           Chrm/Fire      #.........   100%        7    #######
 Summon Hydra             Summ           #.........   100%        7    #######
 Ignition                 Fire           #.........   100%        8    #######
 Shatter                  Erth           ###.......   100%        9    #######
 Tornado                  Air            #.........   100%        9    #######


Dungeon Overview and Level Annotations

Branches:
Dungeon (15/15)            Temple (0/1) D:5            Lair (6/6) D:11
 Shoals (0/4) Lair:3        Snake (4/4) Lair:3        Slime (0/5) Lair:5
    Orc (2/2) D:11            Elf (2/3) Orc:2        Vaults (0/5) D:14
 Depths (0/5) D:15

Altars:
Dithmenos
Fedhas
Gozag
Hepliaklqana
Nemelex Xobeh
Qazlal
Ru
Sif Muna
Trog
Uskayaw
Xom
Zin
The Shining One
Beogh

Shops:
D:12 *   Orc:2 [=(*   Elf:2 =:*   Snake:1 [

Annotations:
D:8 Harold
D:12 exclusions: 6 fire elementals and hell hound, Azrael
Snake:1 1 runed door, Raorogomp's ghost, adept DrEE


Innate Abilities, Weirdness & Mutations

You are very small and have problems with some larger weapons.
You are too small for most types of armour.
You have supernaturally acute eyesight. (SInv)
You are a herbivore.
You cover ground extremely quickly.
You need to consume almost no food.


Message History

Aiming: Corrosive Bolt
Press: ? - help, Shift-Dir - straight line, f - naga warrior, p - nagaraja
Aim: a naga warrior, wielding a scimitar of slicing (umbra)
The bolt of acid hits the nagaraja.
The nagaraja is splashed with acid.
The acid corrodes the nagaraja!
The nagaraja is severely wounded.
The bolt of acid hits the naga sharpshooter.
The naga sharpshooter is splashed with acid.
The acid corrodes the naga sharpshooter!
You kill the naga sharpshooter!
Dithmenos accepts your kill.
Your Transmutations skill increases to level 8!
The bolt of acid misses the naga warrior.
The naga sharpshooter gestures wildly while chanting.
The naga sharpshooter magically shoots a bolt.
The bolt hits you!
* * * LOW HITPOINT WARNING * * *
The nagaraja hits you with a whip!!
* * * LOW HITPOINT WARNING * * *
You die...

..#.....8.....#..........#()..#..
..#...8...8...#..#...[...#.[..#..
..##.........##..#######.#))..#..
#..#.##...##.#..##.....'.#.(..#..
##....#####..).###.....#.#.[([#..
.###..)[.(...###.#.....#.#.(..#..
...###)[)(.###(..#.....#.#)...#'#
.....###)###....)'.....#.#(.(.)..
###'###.[.##....@##'####.#...###.
.....#..)..######N########(###.##
##'###8.<)8#..(.NN)N(N..((.#.....
.....#..(..#.....N..[......#.....
.....##.8.##...............#'##(#
.....######...............(.....(
######..#.....)............N)....
........##.......#######.......##
###....########### #####.####


You could see a naga warrior, a nagaraja and 2 naga sharpshooters.

Vanquished Creatures
  Saint Roka (Orc:2)
  Vashnia (Snake:2)
  A deep elf blademaster (Elf:1)
  Asterion (Snake:1)
  Frances (D:13)
  Agnes (Lair:3)
  2 nagarajas (Snake:4)
  2 entropy weavers
  2 deep elf demonologists (Elf:1)
  Josephine (Snake:1)
  3 fire dragons
  20 naga warriors
  3 vault guards
  2 hydras
  3 anacondas
  A centaur warrior (D:15)
  2 two-headed ogres
  19 dancing weapons
  A queen ant (Lair:6)
  Urug (Lair:4)
  2 shock serpents
  11 deep elf knights
  15 naga sharpshooters
  An orc high priest (Orc:2)
  Nergalle (Orc:1)
  A salamander mystic (Snake:1)
  2 unseen horrors (D:13)
  5 naga ritualists
  4 orc knights
  6 deep elf archers (Elf:1)
  A lindwurm (Snake:3)
  Pikel (D:8)
  9 orc sorcerers
  3 mana vipers
  26 deep elf magi
  An ugly thing (D:11)
  5 oklob plants
  3 cyclopes
  4 manticores
  A manticore (shapeshifter) (Snake:4)
  11 salamanders
  A cyclops (shapeshifter) (Snake:4)
  28 naga magi
  24 black mambas
  22 elephants
  A black mamba (shapeshifter) (Snake:3)
  Maurice (D:8)
  4 guardian serpents
  8 spiny frogs
  Psyche (D:8)
  3 rime drakes
  An efreet (D:11)
  3 freezing wraiths (D:15)
  13 komodo dragons
  3 kobold demonologists (D:13)
  A queen bee (Snake:4)
  7 trolls
  A polar bear (shapeshifter) (Lair:2)
  4 tengu conjurers
  6 slime creatures
  7 polar bears
  10 hornets
  8 hippogriffs
  A hippogriff (shapeshifter) (Snake:3)
  A snapping turtle (Lair:3)
  10 blink frogs
  2 dream sheep (Lair:6)
  3 shadows
  3 air elementals
  15 spriggans
  A water elemental (Elf:2)
  A wyvern (shapeshifter) (D:14)
  36 yaks
  7 wraiths
  2 wyverns
  2 steam dragons
  A hog (shapeshifter) (Elf:2)
  2 basilisks
  2 hungry ghosts
  A hog (Lair:6)
  16 soldier ants
  5 wargs
  15 water moccasins
  2 acid dragons (D:15)
  59 nagas
  Edmund (D:5)
  6 porcupines
  34 orc warriors
  2 slaves (D:8)
  2 black bears
  9 boggarts
  3 sky beasts
  15 ogres
  4 phantoms
  12 centaurs
  24 wolves
  16 crocodiles
  6 big kobolds
  Blork the orc (Orc:2)
  36 bullfrogs
  5 earth elementals
  A wyvern zombie (D:12)
  2 water moccasin skeletons
  5 scorpions
  A killer bee (Lair:5)
  3 wights (D:7)
  5 howler monkeys
  2 electric eels
  A crimson imp (D:11)
  3 bullfrog zombies
  6 hounds
  17 orc priests
  29 orc wizards
  5 bullfrog skeletons
  10 centaur skeletons
  A jelly (D:8)
  5 iguanas
  Terence (D:2)
  Natasha (D:2)
  29 worker ants
  A killer bee zombie (D:9)
  2 hound skeletons
  A howler monkey zombie (D:5)
  11 gnolls
  A howler monkey skeleton (D:8)
  A worker ant zombie (D:8)
  9 adders
  4 shadow imps
  12 oozes (Sewer)
  An adder skeleton (D:9)
  3 worms
  3 dart slugs
  15 leopard geckos
  83 orcs
  7 giant cockroaches
  6 goblins
  6 hobgoblins
  5 jackals
  21 kobolds
  7 quokkas
  11 ball pythons
  12 bats
  14 frilled lizards
  A jackal skeleton (D:4)
  6 rats
1071 creatures vanquished.

Vanquished Creatures (collateral kills)
  4 fire elementals (D:12)
  A hell hound (D:12)
  2 centaurs (D:12)
  2 orcs (D:12)
9 creatures vanquished.

Vanquished Creatures (others)
  A black mamba (Snake:1)
  A naga (Snake:4)
  2 orc warriors
  A slave (D:8)
  A crimson imp (D:15)
  2 orc wizards
  A bullfrog skeleton (D:12)
  An adder (D:8)
  An orc (D:11)
  8 fungi (Lair:6)
  17 plants
  2 withered plants (Snake:1)
38 creatures vanquished.

Grand Total: 1118 creatures vanquished

Notes
Turn   | Place    | Note
-------+----------+-------------------------------------------
     0 | D:1      | Anon1729 the Spriggan Assassin began the quest for the Orb.
     0 | D:1      | Reached XP level 1. HP: 10/10 MP: 2/2
   169 | D:1      | Reached skill level 6 in Stealth
   227 | D:1      | Reached XP level 2. HP: 7/14 MP: 3/3
   622 | D:1      | Reached skill level 7 in Stealth
  1050 | D:1      | Reached XP level 3. HP: 17/18 MP: 4/4
  1325 | D:2      | Noticed Natasha
  1603 | D:2      | Found a shadowy altar of Dithmenos.
  1624 | D:2      | Became a worshipper of Dithmenos the Shadowed
  1666 | D:2      | Noticed Terence
  1691 | D:2      | Killed Terence
  1701 | D:2      | Reached XP level 4. HP: 23/23 MP: 5/5
  2254 | D:2      | Killed Natasha
  2462 | D:3      | Found a bloodstained altar of Trog.
  2723 | D:3      | Found a glowing drain.
  2837 | Sewer    | Entered a sewer
  3080 | Sewer    | Reached XP level 5. HP: 22/26 MP: 6/6
  3108 | Sewer    | HP: 1/26 [adder (5)]
  3110 | Sewer    | Reached * piety under Dithmenos
  4082 | Sewer    | Reached ** piety under Dithmenos
  4122 | Sewer    | Reached XP level 6. HP: 22/30 MP: 7/7
  4881 | D:3      | Reached skill level 5 in Dodging
  5356 | D:3      | Found a deep blue altar of Sif Muna.
  5643 | D:2      | Reached XP level 7. HP: 34/35 MP: 8/8
  5828 | D:4      | Reached skill level 8 in Stealth
  6182 | D:4      | Reached skill level 5 in Short Blades
  6644 | D:4      | Found a stormy altar of Qazlal.
  6813 | D:5      | Entered Level 5 of the Dungeon
  7163 | D:5      | Reached skill level 9 in Stealth
  7320 | D:5      | Reached XP level 8. HP: 25/40 MP: 9/9
  7431 | D:5      | Reached *** piety under Dithmenos
  7469 | D:5      | Found a staircase to the Ecumenical Temple.
  7727 | D:5      | Noticed Edmund
  7732 | D:5      | Killed Edmund
  7814 | D:5      | Found a sparkling altar of Nemelex Xobeh.
  8268 | D:6      | Found a shadowy altar of Dithmenos.
  8273 | D:6      | Found a sacrificial altar of Ru.
  8273 | D:6      | Found a shimmering altar of Xom.
  8291 | D:6      | Reached skill level 10 in Stealth
  8295 | D:6      | Found a hazy altar of Hepliaklqana.
  8713 | D:6      | You fall through a shaft for 3 floors!
  8804 | D:9      | Noticed a hippogriff
  8872 | D:9      | Killed a hippogriff
  8872 | D:9      | Reached skill level 5 in Throwing
  8872 | D:9      | Reached XP level 9. HP: 31/45 MP: 10/10
  9648 | D:9      | Reached skill level 11 in Stealth
 10017 | D:9      | Reached **** piety under Dithmenos
 10346 | D:10     | Entered Level 10 of the Dungeon
 10376 | D:10     | Reached skill level 12 in Stealth
 10398 | D:10     | Got a shimmering ruby amulet
 10400 | D:10     | Identified the amulet "Bianew" {Inacc +Inv rC- rN+++ Str-4}
                  | (You found it on level 10 of the Dungeon)
 10506 | D:10     | Reached XP level 10. HP: 48/51 MP: 11/11
 10518 | D:10     | Reached skill level 1 in Evocations
 10548 | D:10     | Reached skill level 1 in Invocations
 10941 | D:8      | Noticed Maurice
 10981 | D:8      | Killed Maurice
 11079 | D:8      | Noticed Harold
 11099 | D:8      | Noticed Pikel
 11142 | D:8      | Reached skill level 5 in Fighting
 11200 | D:8      | Killed Pikel
 11263 | D:8      | Noticed Psyche
 11394 | D:8      | Killed Psyche
 11936 | D:8      | Reached ***** piety under Dithmenos
 12061 | D:8      | Found a hide-covered altar of Uskayaw.
 12061 | D:8      | Found a glowing silver altar of Zin.
 12681 | D:7      | Found a glowing golden altar of the Shining One.
 12758 | D:7      | Found a blossoming altar of Fedhas.
 12966 | D:6      | Reached skill level 13 in Stealth
 13142 | D:6      | Found an opulent altar of Gozag.
 13730 | D:10     | Reached XP level 11. HP: 54/56 MP: 15/15
 14095 | D:10     | Noticed a two-headed ogre
 14097 | D:10     | Killed a two-headed ogre
 14428 | D:11     | Reached skill level 10 in Dodging
 14519 | D:11     | Found a staircase to the Orcish Mines.
 14522 | D:11     | Noticed a white ugly thing
 14527 | D:11     | Killed a white ugly thing
 14531 | D:11     | Reached skill level 5 in Evocations
 14778 | D:11     | Noticed an unseen horror
 14955 | D:11     | Found a staircase to the Lair.
 15331 | D:11     | Reached skill level 10 in Short Blades
 15631 | Lair:1   | Entered Level 1 of the Lair of Beasts
 16404 | Lair:1   | You fall through a shaft!
 16864 | Lair:2   | Reached skill level 14 in Stealth
 16968 | Lair:2   | Noticed an eight-headed hydra
 16989 | Lair:2   | Killed an eight-headed hydra
 17029 | Lair:2   | Reached XP level 12. HP: 62/62 MP: 17/17
 17036 | Lair:2   | Reached skill level 5 in Invocations
 19435 | Lair:3   | Found a staircase to the Snake Pit.
 19683 | Lair:3   | Found a staircase to the Shoals.
 20806 | Lair:4   | Reached ****** piety under Dithmenos
 21039 | Lair:4   | Reached skill level 15 in Stealth
 21319 | Lair:4   | Reached XP level 13. HP: 67/67 MP: 20/20
 21706 | Lair:4   | Noticed Urug
 21733 | Lair:4   | Killed Urug
 23659 | Lair:5   | Found a staircase to the Slime Pits.
 23960 | Lair:6   | Entered Level 6 of the Lair of Beasts
 26487 | Lair:5   | Reached skill level 16 in Stealth
 26591 | Lair:6   | Learned a level 2 spell: Passwall
 26595 | Lair:6   | Learned a level 3 spell: Confuse
 26602 | Lair:6   | Learned a level 6 spell: Statue Form
 26780 | Lair:6   | Reached skill level 1 in Transmutations
 27268 | Lair:5   | Reached skill level 1 in Spellcasting
 28099 | Lair:5   | Reached skill level 1 in Earth Magic
 28752 | Lair:6   | Reached XP level 14. HP: 45/72 MP: 22/22
 29024 | Lair:6   | Noticed an entropy weaver
 29144 | Lair:6   | Noticed an entropy weaver
 29202 | Lair:6   | Killed an entropy weaver
 31684 | Lair:5   | Killed an entropy weaver
 32317 | D:12     | Noticed Azrael
 32581 | D:12     | Found an opulent altar of Gozag.
 33058 | D:12     | Found Lurenlei's Assorted Antiques.
 33851 | D:12     | Reached skill level 10 in Evocations
 34245 | D:13     | Noticed Frances
 34253 | D:13     | Killed Frances
 34253 | D:13     | Reached skill level 17 in Stealth
 34342 | D:13     | Identified Coanui's Disquisition on Weightlessness
 35172 | D:14     | Found a gate to the Vaults.
 36497 | D:14     | Reached skill level 10 in Throwing
 37229 | D:15     | Entered Level 15 of the Dungeon
 37253 | D:15     | Learned a level 1 spell: Apportation
 37255 | D:15     | Learned a level 1 spell: Animate Skeleton
 37289 | D:15     | Reached skill level 1 in Hexes
 37365 | D:15     | Reached skill level 1 in Translocations
 37787 | D:15     | Found a staircase to the Depths.
 38349 | D:15     | Reached XP level 15. HP: 74/77 MP: 23/23
 38606 | Orc:1    | Entered Level 1 of the Orcish Mines
 38678 | Orc:1    | Reached skill level 1 in Necromancy
 38682 | Orc:1    | Noticed Erolcha
 38722 | Orc:1    | Noticed Erolcha
 38722 | Orc:1    | Erolcha changed into Erolcha the sky beast
 38728 | Orc:1    | Killed Erolcha the sky beast
 38781 | Orc:1    | Reached skill level 15 in Dodging
 39580 | Orc:2    | Entered Level 2 of the Orcish Mines
 39626 | Orc:2    | Noticed Blork the orc
 39626 | Orc:2    | Noticed Saint Roka
 40534 | Orc:2    | Killed Blork the orc
 40586 | Orc:2    | Noticed Nergalle
 41128 | Orc:2    | Found a roughly hewn altar of Beogh.
 41133 | Orc:2    | Found Jiemn's Antique Weapon Shop.
 41315 | Orc:1    | Killed Nergalle
 41777 | Orc:2    | Found a staircase to the Elven Halls.
 42174 | Orc:2    | Found Gilomn's Antique Armour Shop.
 42554 | Orc:2    | Found Pel Miaps's Jewellery Shop.
 42778 | Orc:2    | Bought an ancient dagger for 189 gold pieces
 42778 | Orc:2    | Identified the +10 dagger "Uprasen" {pierce, rElec} (You
                  | bought it in a shop on level 2 of the Orcish Mines)
 43170 | Orc:2    | Killed Saint Roka
 43191 | Orc:2    | Found Ziex's General Store.
 43199 | Orc:2    | Bought a potion of heal wounds for 55 gold pieces
 43238 | Elf:1    | Entered Level 1 of the Elven Halls
 43450 | Elf:1    | Reached skill level 5 in Transmutations
 43733 | Elf:1    | Reached skill level 18 in Stealth
 44314 | Elf:1    | Noticed an Ice Fiend
 44479 | Elf:1    | Reached skill level 1 in Armour
 45045 | Elf:1    | You fall through a shaft!
 45572 | Elf:1    | Reached skill level 5 in Spellcasting
 45695 | Elf:2    | Found Mirukigg's Assorted Antiques.
 45710 | Elf:2    | Bought a scroll of teleportation for 105 gold pieces
 45710 | Elf:2    | Bought a scroll of enchant weapon for 262 gold pieces
 45710 | Elf:2    | Bought a scroll of identify for 70 gold pieces
 46125 | Elf:2    | Found a runed gate.
 46125 | Elf:2    | Found a runed gate.
 46128 | Elf:2    | Found a runed gate.
 46158 | Elf:2    | Reached XP level 16. HP: 82/82 MP: 25/25
 46193 | Elf:2    | Found Qihaga's Jewellery Shop.
 46193 | Elf:2    | Found Yfotull's Book Emporium.
 46209 | Elf:2    | Bought the ring "Baudeg" {rF+ rC+ MR++ Int+2} for 553 gold
                  | pieces
 46209 | Elf:2    | Bought the ring of Waxasema {rElec rPois MP-9 Str+2 SInv}
                  | for 165 gold pieces
 48424 | Elf:2    | Bought an uncursed amulet of the acrobat for 450 gold
                  | pieces
 48734 | Elf:2    | Noticed a deep elf blademaster
 49808 | Elf:1    | Killed a deep elf blademaster
 51215 | Snake:1  | Entered Level 1 of the Snake Pit
 51354 | Snake:1  | Noticed Agnes
 51368 | Lair:3   | HP: 3/83 [Agnes/lajatang (40)]
 51920 | Lair:3   | Killed Agnes
 52411 | Snake:1  | Found Hutaoq's Armour Shop.
 52421 | Snake:1  | Noticed Josephine
 52439 | Snake:1  | Killed Josephine
 52626 | Snake:1  | Found a runed door.
 52641 | Snake:1  | Noticed Raorogomp's ghost (adept DrEE)
 52726 | Snake:1  | Noticed Asterion
 52730 | Snake:1  | Noticed an Executioner
 53448 | Snake:1  | Killed Asterion
 53602 | Snake:1  | Reached skill level 19 in Stealth
 55660 | Snake:2  | Reached XP level 17. HP: 87/87 MP: 26/26
 55676 | Snake:2  | Learned a level 3 spell: Gell's Gravitas
 56610 | Snake:2  | Noticed Vashnia
 57550 | Snake:2  | Reached skill level 5 in Hexes
 58521 | Snake:2  | Reached skill level 5 in Earth Magic
 60410 | Snake:2  | Learned a level 3 spell: Regeneration
 60413 | Snake:2  | Learned a level 2 spell: Corpse Rot
 60995 | Snake:1  | Reached XP level 18. HP: 73/92 MP: 19/28
 61116 | Snake:2  | Killed Vashnia
 63127 | Snake:4  | Entered Level 4 of the Snake Pit
 64846 | Snake:4  | Reached skill level 1 in Charms
 68352 | Snake:4  | HP: 4/93 [nagaraja/whip (19)]
 68352 | Snake:4  | Slain by a nagaraja

Skill      XL: |  1  2  3  4  5  6  7  8  9 10 11 12 13 14 15 16 17 18 |
---------------+-------------------------------------------------------+-----
Stealth        | 6 7 9 10 12 13 14 15 16 17 18 19 | 19.8
Dodging        | 2 3 5 6 7 8 9 11 12 13 14 15 16 17 | 17.5
Short Blades   | 3 4 5 7 8 9 10 11 12 13 14 | 14.6
Throwing       | 3 4 5 6 7 8 9 10 | 10.3
Fighting       | 2 3 4 5 6 7 8 9 |  9.4
Evocations     | 4 6 8 9 10 11 12 | 12.2
Invocations    | 3 4 6 7 8 9 |  9.5
Transmutations | 1 4 5 6 7 8 |  8.0
Spellcasting   | 1 3 5 6 7 |  7.0
Earth Magic    | 1 3 4 5 |  5.6
Hexes          | 1 3 4 5 6 |  6.2
Translocations | 1 2 7 8 |  8.5
Necromancy     | 2 3 4 |  4.0
Armour         | 1 2 3 |  3.3
Charms         | 2 |  2.3

Action                   |  1- 3 |  4- 6 |  7- 9 | 10-12 | 13-15 | 16-18 || total
-------------------------+-------+-------+-------+-------+-------+-------++-------
Melee: Dagger            |    88 |   468 |   453 |  1053 |  3052 |  1533 ||  6647
       Scimitar          |       |       |       |    19 |       |       ||    19
 Fire: Blowgun           |    27 |    52 |    44 |    43 |    45 |    34 ||   245
 Cast: Passwall          |       |       |       |       |     2 |    22 ||    24
       Gell's Gravitas   |       |       |       |       |       |     1 ||     1
       Regeneration      |       |       |       |       |       |     4 ||     4
Invok: Shadow Step       |       |       |       |     1 |     2 |     5 ||     8
       Shadow Form       |       |       |       |       |     1 |       ||     1
Evoke: Wand              |       |       |       |     3 |    50 |    24 ||    77
       Fan of gales      |       |       |       |       |     1 |     1 ||     2
  Use: Potion            |       |     2 |       |       |     3 |     5 ||    10
       Scroll            |       |     6 |     5 |     8 |    22 |     8 ||    49
 Stab: Sleeping          |     8 |     8 |    38 |    79 |    90 |    45 ||   268
       Distracted        |     1 |       |     1 |     8 |    34 |    18 ||    62
       Paralysed         |       |       |       |     6 |    15 |    14 ||    35
       Confused          |       |       |       |     5 |    16 |    12 ||    33
       Petrifying        |       |       |       |     2 |    10 |    12 ||    24
       Petrified         |       |       |       |       |       |     4 ||     4
  Eat: Ration            |       |     1 |     3 |     7 |    15 |    13 ||    39
Armor: Robe              |    10 |    43 |    13 |    25 |    93 |    40 ||   224
Dodge: Dodged            |    97 |   453 |   279 |   632 |  2279 |  1371 ||  5111
Block: Other             |       |       |     5 |    41 |   138 |       ||   184
       Rpst.: Scimitar   |       |       |       |     4 |       |       ||     4
